 Dungeon Crawl Stone Soup version 0.22-a0-407-gb098539 (webtiles) character file.

682711 robertstho the Axe Maniac (level 27, -7/241 HPs)
             Began as a Minotaur Berserker on May 8, 2018.
             Was the Champion of Trog.
             Killed from afar by a Tzitzimitl (18 damage)
             ... with a bolt of cold
             ... summoned by a lich
             ... led by Vorel
             ... on level 2 of the Realm of Zot on May 9, 2018.
             The game lasted 04:02:45 (62172 turns).

robertstho the Axe Maniac (Minotaur Berserker)     Turns: 62172, Time: 04:02:45

Health: -7/241     AC: 35    Str: 30    XL:     27
Magic:  0/19       EV: 32    Int:  8    God:    Trog [******]
Gold:   6170       SH: 31    Dex: 31    Spells: 26/26 levels left

rFire    + + .     SeeInvis +   u - +10 broad axe of Jime Epny {holy, Dex+4}
rCold    + . .     Gourm    .   N - +7 shield of Coronation {+Blink rF+ Dex+3}
rNeg     . . .     Faith    .   p - +6 plate armour "Yfieluh" {MR+ Int+4}
rPois    +         Spirit   +   W - +4 hat of the Lost Cities {rF+}
rElec    +         Reflect  +   w - scarf {Spirit}
rCorr    .         Harm     .   E - +2 pair of gloves
MR       ++...     Rnd*Rage +   Z - +2 pair of boots
Stlth    ..........             o - amulet of Huimpumiu {Reflect rElec rPois MR- Str+5 SH+3}
HPRegen  0.50/turn              v - ring of see invisible
MPRegen  0.16/turn              I - ring of Usykhliz {rPois rC+ Str+2 Dex+2}

@: lethally poisoned (-7 -> -22), slowed, very slow
A: retaliatory headbutt, horns 2, slimy green scales 1, berserk 2, blurry vision
3, deformed body, frail 1, low mp 1, screaming 2
0: Orb of Zot
}: 3/15 runes: decaying, serpentine, silver
a: Berserk, Trog's Hand, Brothers in Arms, Renounce Religion, Evoke Blink


You were on level 2 of the Realm of Zot.
You worshipped Trog.
Trog was exalted by your worship.
You were not hungry.

You visited 11 branches of the dungeon, and saw 53 of its levels.
You visited the Abyss 4 times.
You also visited: Bailey, Ice Cave and Volcano.

You collected 8912 gold pieces.
You spent 2742 gold pieces at shops.

Inventory:

Hand Weapons
 u - the +10 broad axe of Jime Epny (weapon) {holy, Dex+4}
   (You found it on level 2 of the Depths)

   It has been blessed by the Shining One to cause great damage to the undead
   and demons.
   It affects your dexterity (+4).
 L - a +9 antimagic executioner's axe
Missiles
 m - 40 tomahawks (quivered)
Armour
 p - the +6 plate armour "Yfieluh" (worn) {MR+ Int+4}
   (You bought it in a shop on level 2 of the Orcish Mines)

   It affects your intelligence (+4).
   It affects your resistance to hostile enchantments.
 w - a scarf of spirit shield (worn)
 E - a +2 pair of gloves (worn)
 N - the +7 shield of Coronation (worn) {+Blink rF+ Dex+3}
   (You took it off Asterion on level 3 of the Snake Pit)

   It affects your dexterity (+3).
   It protects you from fire.
   It lets you blink.
 U - the +10 shield "Leumput" {rN++}
   (You took it off an orc on level 5 of the Vaults)

   It greatly protects you from negative energy.
 W - the +4 hat of the Lost Cities (worn) {rF+}
   (You found it on level 2 of the Depths)

   It protects you from fire.
 Z - a +2 pair of boots (worn)
Jewellery
 a - a +4 ring of dexterity
 d - an uncursed ring of fire
 g - an uncursed ring of fire
 i - an uncursed ring of protection from magic
 j - an uncursed ring of protection from cold
 o - the amulet of Huimpumiu (around neck) {Reflect rElec rPois MR- Str+5 SH+3}
   (You bought it in a shop on level 10 of the Dungeon)

   [amulet of reflection]

   It shields you and reflects attacks.
   It affects your strength (+5).
   It insulates you from electricity.
   It protects you from poison.
   It affects your resistance to hostile enchantments.
   It affects your SH (+3).
 q - an uncursed ring of protection from cold
 v - a ring of see invisible (left hand)
 z - the amulet of Xom's Passing Interest {rPois rN+++ Regen+ Str+4 Dex-3}
   (You acquired it on level 1 of the Snake Pit)

   [amulet of regeneration]

   It affects your strength (+4).
   It affects your dexterity (-3).
   It protects you from poison.
   It renders you almost immune to negative energy.
   It increases your rate of regeneration.
 I - the ring of Usykhliz (right hand) {rPois rC+ Str+2 Dex+2}
   (You took it off a deep elf annihilator on level 3 of the Elven Halls)

   [ring of poison resistance]

   It affects your strength (+2).
   It affects your dexterity (+2).
   It protects you from cold.
   It protects you from poison.
 T - an uncursed ring of flight
Wands
 F - a wand of disintegration (55)
 H - a wand of iceblast (44)
 M - a wand of acid (52)
 P - a wand of digging (41)
Scrolls
 f - a scroll of silence
 h - 12 scrolls of identify
 l - 32 scrolls of teleportation
 r - 28 scrolls of remove curse
 s - 10 scrolls of fear
 t - 8 scrolls of enchant armour
 B - 3 scrolls of brand weapon
 K - 8 scrolls of summoning
 Q - 12 scrolls of blinking
 R - 4 scrolls of enchant weapon
 V - 5 scrolls of magic mapping
 X - 4 scrolls of holy word
 Y - 4 scrolls of fog
Potions
 b - 4 potions of agility
 e - 36 potions of curing
 k - 8 potions of ambrosia
 n - 4 potions of invisibility
 A - 5 potions of cancellation
 D - 13 potions of heal wounds
 G - 5 potions of might
 J - 7 potions of resistance
 O - 6 potions of haste
Miscellaneous
 x - a lamp of fire
 C - a lightning rod (4/4)
Comestibles
 c - 68 rations


   Skills:
 + Level 25.9 Fighting
   Level 7.8 Long Blades
 O Level 27 Axes
   Level 1.0(18.7) Maces & Flails
 * Level 23.8 Armour
 * Level 23.6 Dodging
 + Level 4.6 Stealth
 O Level 27 Shields
 + Level 0.2 Evocations


You had 26 spell levels left.
You didn't know any spells.

Dungeon Overview and Level Annotations

Branches:
Dungeon (15/15)            Temple (0/1) D:6            Lair (6/6) D:8
  Swamp (4/4) Lair:2        Snake (4/4) Lair:3        Slime (0/5) Lair:5
    Orc (2/2) D:12            Elf (3/3) Orc:2        Vaults (5/5) D:14
  Crypt (3/3) Vaults:3       Tomb (1/3) Crypt:3      Depths (5/5) D:15
    Zot (5/5) Depths:5

Altars:
Ashenzari
Cheibriados
Dithmenos
Gozag
Hepliaklqana
Kikubaaqudgha
Okawaru
Qazlal
Sif Muna
Trog
Uskayaw
Yredelemnul
Zin
The Shining One
Beogh
Jiyva
Lugonu

Shops:
D:10 =   D:15 :   Orc:2 (![*!   Elf:1 ((%   Elf:2 [[*%[   Snake:2 :}}=*
Vaults:2 (   Vaults:4 *

Portals:
Hell: Depths:2 Depths:3 Depths:4 Depths:5
Abyss: Depths:3 Depths:4
Pandemonium: Depths:3
Ziggurat: Depths:1
Trove: Depths:1 (give 13 potions of heal wounds)

Annotations:
D:10 643 amulet relec
Lair:5 exclusion: 4 oklob plants
Depths:4 exclusion: orange crystal statue


Innate Abilities, Weirdness & Mutations

You reflexively headbutt those who attack you in melee.
You have a pair of horns on your head.
You are partially covered in slimy green scales. (AC +2)
You often lose your temper in combat.
Scrolls take you much longer to read.
Armour fits poorly on your strangely shaped body.
You are frail. (-10% HP)
Your magical capacity is low. (-10% MP)
You sometimes yell uncontrollably at your foes.


Message History

Your troll's corpse disappears in a puff of smoke!
The death drake breathes miasma at you.
The foul vapour engulfs the lich.
The lich completely resists.
You see here a mace.
You feel very sick. Vorel gestures at you.
The sphere of damnation explodes!
The damnation engulfs you!
* * * LOW HITPOINT WARNING * * *
You see here a hand axe.
You feel much better.
You feel very sick. Vorel gestures at you.
The sphere of damnation explodes!
The damnation engulfs you!
* * * LOW HITPOINT WARNING * * *
The lich casts a spell.
* * * LOW HITPOINT WARNING * * *
You feel very sick. The Tzitzimitl gestures at you. The bolt of cold hits you!
You resist.
You die...

# ### #.#.# #######.#2#########
.........kk1L&1)@<#
#######.#l######### #######§#§#
#.......l§# #.#####.#.#
#.#####.#l######## ##
.................# ##########.
#.###.#.#..#####.######........(.
#........[)...........'..........


You could see Vorel (invisible), a Hell Sentinel, a Tzitzimitl, a lich
(invisible), 2 death drakes, a komodo dragon and a tormentor.

Vanquished Creatures
  Mennas (Crypt:3)
  6 ancient liches
  6 orbs of fire
  The ghost of garrulousMonolith the Conqueror, a master MiBe of Trog (Vaults:5)
  Sojobo (Vaults:5)
  2 greater mummies (Tomb:1)
  A shard shrike (Zot:2)
  Bai Suzhen (Depths:3)
  Saint Roka (Orc:2)
  Vashnia (Snake:2)
  2 Killer Klowns (Zot:5)
  9 golden dragons
  4 curse toes
  Jory (Vaults:3)
  Nikola (Elf:1)
  A profane servitor (Crypt:3)
  A bone dragon (Crypt:3)
  2 electric golems
  Jorgrun (Vaults:5)
  An Ice Fiend (IceCv)
  11 tentacled monstrosities
  21 Orb Guardians (Zot:5)
  Asterion (Snake:3)
  4 liches
  2 deep elf master archers (Elf:3)
  11 death cobs
  5 quicksilver dragons
  7 titans (Vaults:5)
  3 deep elf blademasters
  An Executioner (Abyss:5)
  4 thorn hunters
  Gastronok (D:8)
  9 shadow dragons
  2 tentacled starspawn (Abyss:5)
  8 sphinxes
  7 ancient champions
  Agnes (Elf:1)
  Kirke (Swamp:1)
  7 tengu reavers
  Roxanne (Snake:3)
  10 storm dragons
  2 revenants
  7 nagarajas (Snake:4)
  3 daevas (Depths:3)
  4 draconian monks
  8 draconian knights
  9 deep elf sorcerers
  2 iron dragons
  4 fire giants
  12 frost giants
  11 vault wardens
  5 draconian scorchers
  Aizul (Snake:1)
  2 ghost moths (Zot:4)
  2 curse skulls
  A spriggan defender (Depths:4)
  A draconian stormcaller (Zot:1)
  6 ghouls
  5 deep elf elementalists
  8 draconian annihilators
  4 draconian shifters (Zot:4)
  4 angels (Depths:3)
  11 ironheart preservers
  2 reapers
  3 orc warlords
  13 very ugly things
  17 stone giants
  10 green draconians
  A lorocyproca (Abyss:5)
  7 vampire knights
  3 war gargoyles
  7 black draconians
  2 grey draconians (Depths:5)
  13 deep elf annihilators
  11 deep elf demonologists
  12 white draconians
  16 red draconians
  7 spark wasps
  7 yellow draconians
  13 ettins
  A minotaur (shapeshifter) (Vaults:5)
  9 purple draconians
  A blizzard demon (Depths:3)
  Snorg (Lair:6)
  The ghost of CanOfBees the Spear-Bearer, a journeyman MfIE of the Shining One (D:13)
  13 deep elf death magi
  11 fire dragons
  4 eidola
  19 jiangshi
  The ghost of nebgrebaes the Grappler, a journeyman TrMo of Okawaru (D:11)
  Josephine (Swamp:1)
  A crystal guardian (Vaults:4)
  4 mummy priests (Tomb:1)
  6 deep elf high priests
  An ettin (shapeshifter) (Depths:3)
  9 naga warriors
  A hydra (shapeshifter) (Vaults:5)
  9 ice dragons
  A spectral golden dragon (Crypt:3)
  19 yaktaur captains
  5 great orbs of eyes
  18 hydras
  14 centaur warriors
  29 vault guards
  A quicksilver dragon skeleton (Crypt:2)
  4 rakshasas
  2 catoblepae (Lair:6)
  2 ghost crabs
  A spriggan air mage (Depths:5)
  6 anacondas
  An anaconda (shapeshifter) (Vaults:5)
  5 death knights
  92 two-headed ogres
  9 alligators
  30 dancing weapons
  22 ogre magi
  4 deep troll earth magi
  13 thrashing horrors (Abyss:5)
  5 vampire magi
  9 deep troll shamans
  2 shock serpents
  A tengu warrior (Depths:4)
  17 naga sharpshooters
  4 orc high priests (Orc:2)
  A storm dragon zombie (Tomb:1)
  24 deep elf knights
  4 spriggan berserkers
  A soul eater (Crypt:2)
  A titan skeleton (Crypt:2)
  6 hell knights (Depths:5)
  3 iron trolls
  4 shadow wraiths
  4 spriggans
  4 salamander mystics
  A sixfirhy (Abyss:5)
  A storm dragon skeleton (Crypt:2)
  2 spriggan druids
  51 skeletal warriors
  6 naga ritualists
  6 cherubim (Depths:3)
  A glowing orange brain (shapeshifter) (Depths:5)
  A glowing orange brain (Abyss:5)
  3 unseen horrors
  4 flayed ghosts
  12 swamp dragons
  7 wizards
  4 shambling mangroves (Swamp:4)
  A torturous demonspawn (Depths:3)
  20 deep trolls
  A lindwurm (Lair:6)
  A shadow demon (Zot:5)
  13 phantasmal warriors
  3 harpies (Vaults:2)
  13 deep elf archers
  Pikel (D:8)
  10 ironbrand convokers
  20 orc knights
  An anaconda skeleton (Crypt:2)
  A harpy (shapeshifter) (Elf:2)
  A shining eye (shapeshifter) (Vaults:5)
  2 wolf spiders (Vaults:2)
  A shadow dragon skeleton (Crypt:2)
  A sphinx zombie (Vaults:2)
  5 orc sorcerers
  28 ugly things
  6 mana vipers
  4 necromancers
  71 deep elf magi
  2 salamanders (shapeshifter)
  5 cyclopes
  6 salamanders
  17 moths of wrath
  A worldbinder (Abyss:5)
  13 vault sentinels
  A fire giant skeleton (Crypt:2)
  26 black mambas
  2 black mambas (shapeshifter)
  2 ice statues (IceCv)
  A molten gargoyle (Volcano)
  2 frost giant skeletons (Crypt:2)
  3 gargoyles
  A guardian serpent (Snake:4)
  4 smoke demons (Abyss:5)
  5 elephants (Lair:6)
  2 guardian serpents (shapeshifter)
  15 spiny frogs
  13 naga magi
  Psyche (D:10)
  A rust devil (Depths:3)
  5 torpor snails (Lair:6)
  An orange demon (Zot:5)
  An alligator snapping turtle zombie (Crypt:1)
  2 storm dragon simulacra
  A dire elephant skeleton (Crypt:2)
  An efreet (Volcano)
  A yaktaur zombie (Vaults:2)
  14 freezing wraiths
  4 guardian mummies (Tomb:1)
  6 rime drakes
  38 yaktaurs
  13 ice devils (IceCv)
  6 komodo dragons
  A white draconian skeleton (Crypt:2)
  A red draconian skeleton (Crypt:1)
  An ancient zyme (Abyss:5)
  A red devil (Zot:2)
  A polar bear (shapeshifter) (Depths:4)
  6 trolls
  A hellwing (Abyss:5)
  A merfolk (shapeshifter) (Vaults:5)
  2 tengu conjurers
  A jumping spider (shapeshifter) (Vaults:2)
  11 tyrant leeches
  Prince Ribbit (D:5)
  4 polar bears (Lair:4)
  A hornet (shapeshifter) (Vaults:3)
  Grinder (D:5)
  2 harpy skeletons
  6 blink frogs
  28 slime creatures
  A sea snake skeleton (Crypt:1)
  2 hydra skeletons (Crypt:2)
  8 hippogriffs
  21 hornets
  An alligator zombie (Crypt:3)
  12 bog bodies
  An iron dragon simulacrum (Crypt:2)
  A raiju (shapeshifter) (Vaults:5)
  10 raiju
  A stone giant simulacrum (Crypt:2)
  A dream sheep (shapeshifter) (Vaults:4)
  2 snapping turtles (shapeshifter)
  3 hippogriffs (shapeshifter)
  3 dream sheep (Lair:5)
  21 starcursed masses (Abyss:5)
  An ettin skeleton (Crypt:2)
  92 flying skulls
  3 ice dragon skeletons (Crypt:2)
  7 shadows
  3 vampires
  13 wraiths
  3 fire dragon skeletons (Crypt:2)
  2 spriggans (shapeshifter)
  2 dire elephant simulacra (IceCv)
  A ynoxinul (Depths:3)
  7 water elementals
  4 fire elementals
  7 wyverns
  4 ushabtiu (Tomb:1)
  9 large abominations
  31 yaks
  A basilisk (Lair:6)
  A neqoxec (Abyss:5)
  A chaos spawn (Depths:3)
  A steam dragon (Lair:6)
  4 hogs (Swamp:1)
  6 fire bats (Volcano)
  2 hungry ghosts
  16 vampire mosquitoes
  15 swamp worms
  Menkaure (D:6)
  A deep troll zombie (Crypt:2)
  6 wargs
  A glowing shapeshifter zombie (Crypt:1)
  37 nagas
  A soldier ant (D:11)
  A spatial vortex (Abyss:5)
  8 insubstantial wisps (Swamp:4)
  3 harpy simulacra (IceCv)
  2 iron troll simulacra (IceCv)
  A soldier ant (shapeshifter) (Vaults:1)
  4 acid dragons
  6 porcupines
  Duvessa (D:6)
  An acid dragon (shapeshifter) (Elf:1)
  4 hydra simulacra
  18 water moccasins
  A merfolk skeleton (Crypt:2)
  8 necrophages
  46 orc warriors
  2 ettin simulacra
  3 ice beasts
  A slave (D:8)
  2 eyes of draining
  18 swamp drakes
  5 phantoms
  45 ogres
  A fire dragon simulacrum (Crypt:3)
  A tengu (shapeshifter) (Vaults:2)
  4 small abominations
  A wolf (shapeshifter) (Vaults:5)
  5 wolves (Lair:4)
  12 centaurs
  A torpor snail zombie (Crypt:2)
  2 swamp dragon skeletons (Crypt:2)
  A snapping turtle skeleton (Crypt:2)
  15 boggarts
  2 manticore skeletons (Crypt:2)
  17 crocodiles
  A hippogriff zombie (Crypt:1)
  A salamander zombie (Crypt:1)
  A bullfrog (shapeshifter) (Vaults:3)
  4 big kobolds
  2 human zombies (Vaults:2)
  14 bullfrogs
  5 earth elementals
  A water moccasin zombie (D:7)
  A glowing shapeshifter simulacrum (Vaults:2)
  4 scorpions
  2 wyvern skeletons
  3 human simulacra (Vaults:1)
  Dowan (D:6)
  A spriggan zombie (Crypt:1)
  5 wights
  10 killer bees (D:13)
  A manticore simulacrum (Crypt:2)
  11 howler monkeys
  5 electric eels
  5 crimson imps
  8 lava snakes (Volcano)
  The ghost of PopulousWildman the Skirmisher, a weakling FeTm (D:3)
  2 centaur zombies
  8 jellies
  5 hounds
  29 orc priests
  A demonspawn skeleton (Crypt:2)
  19 orc wizards
  5 centaur skeletons
  A bullfrog skeleton (D:6)
  6 iguanas
  8 worker ants
  A dwarf zombie (Crypt:2)
  A sky beast zombie (Crypt:1)
  2 hound skeletons
  11 mummies (Tomb:1)
  2 worker ant zombies
  18 adders
  9 gnolls
  A howler monkey skeleton (Crypt:1)
  A swamp drake skeleton (Crypt:2)
  A shadow imp (D:15)
  5 oozes (D:8)
  2 adder zombies
  An adder skeleton (D:4)
  2 worms
  5 leopard geckos
  95 orcs
  8 bats
  7 giant cockroaches
  28 goblins
  23 hobgoblins
  8 jackals
  8 quokkas
  A ball python (D:2)
  4 frilled lizards
  A jackal skeleton (Crypt:2)
  22 kobolds
  A quokka skeleton (D:4)
  8 rats
  13 briar patches
  2 fungi
  A lurking horror (Abyss:5)
  9 plants
  2 starspawn tentacles (Abyss:5)
2554 creatures vanquished.

Vanquished Creatures (collateral kills)
  An orb of fire (Zot:5)
  2 liches
  An Orb Guardian (Zot:5)
  A deep elf sorcerer (Elf:3)
  A great orb of eyes (Depths:4)
  A mummy priest (Tomb:1)
  2 catoblepae
  An ogre mage (Depths:4)
  2 two-headed ogres
  A death yak (Lair:5)
  A naga sharpshooter (Snake:1)
  Sonja (D:13)
  A skeletal warrior (Tomb:1)
  A shambling mangrove (Swamp:4)
  A flayed ghost (Crypt:3)
  A swamp dragon (Swamp:4)
  A phantasmal warrior (Crypt:3)
  An elephant (Lair:6)
  A komodo dragon (Lair:5)
  2 guardian mummies (Tomb:1)
  5 slime creatures (Depths:4)
  3 dream sheep (Lair:5)
  A blink frog (Lair:5)
  A wyvern (Lair:5)
  8 yaks (Lair:5)
  An ushabti (Tomb:1)
  A swamp drake (Swamp:4)
  A boggart (D:14)
  A bullfrog (Lair:5)
  8 mummies (Tomb:1)
  A shadow imp (D:13)
55 creatures vanquished.

Vanquished Creatures (others)
  2 stone giants
  A purple draconian (Zot:4)
  A yellow draconian (Zot:2)
  A hydra (Swamp:4)
  A dancing weapon (Elf:3)
  A deep elf knight (Elf:1)
  3 deep elf archers
  A deep elf mage (Elf:3)
  A moth of wrath (Zot:5)
  4 yaktaurs (Vaults:2)
  A tyrant leech (Swamp:2)
  A swamp drake (Swamp:4)
  A centaur (Vaults:2)
  A boggart (Vaults:1)
  A crocodile (Lair:6)
  2 briar patches
  A fungus (Elf:1)
  21 plants
  4 starspawn tentacles (Abyss:5)
49 creatures vanquished.

Grand Total: 2658 creatures vanquished

Notes
Turn   | Place    | Note
-------+----------+-------------------------------------------
     0 | D:1      | robertstho the Minotaur Berserker began the quest for the Orb.
     0 | D:1      | Reached XP level 1. HP: 19/19 MP: 0/0
    81 | D:1      | Reached XP level 2. HP: 25/27 MP: 1/1
   961 | D:2      | Reached ** piety under Trog
   961 | D:2      | Reached XP level 3. HP: 33/33 MP: 2/2
  1680 | D:3      | Found an opulent altar of Gozag.
  1819 | D:3      | Reached skill level 5 in Axes
  1819 | D:3      | Reached XP level 4. HP: 39/40 MP: 3/3
  1979 | D:3      | Noticed PopulousWildman's ghost (weakling FeTm)
  1985 | D:3      | Killed PopulousWildman's ghost
  2169 | D:3      | Found a deep blue altar of Sif Muna.
  2195 | D:3      | Reached XP level 5. HP: 36/46 MP: 2/4
  2533 | D:3      | Found a basalt altar of Yredelemnul.
  2533 | D:3      | Found a bloodstained altar of Trog.
  3284 | D:4      | Reached XP level 6. HP: 51/53 MP: 5/5
  3407 | D:5      | Entered Level 5 of the Dungeon
  3449 | D:5      | Reached *** piety under Trog
  3510 | D:5      | Reached skill level 5 in Armour
  3510 | D:5      | Reached XP level 7. HP: 52/60 MP: 4/6
  3520 | D:5      | Noticed Grinder
  3523 | D:5      | Paralysed by Grinder for 2 turns
  3541 | D:5      | Killed Grinder
  3541 | D:5      | Reached skill level 5 in Fighting
  3635 | D:5      | Noticed Prince Ribbit
  3649 | D:5      | Killed Prince Ribbit
  3729 | D:5      | Reached XP level 8. HP: 50/68 MP: 7/7
  4265 | D:6      | Found a glowing golden altar of the Shining One.
  4276 | D:6      | Noticed Menkaure
  4281 | D:6      | Reached skill level 1 in Stealth
  4284 | D:6      | Killed Menkaure
  4414 | D:6      | Found a staircase to the Ecumenical Temple.
  4420 | D:6      | Noticed Dowan
  4421 | D:6      | Noticed Duvessa
  4431 | D:6      | Killed Dowan
  4431 | D:6      | Reached skill level 10 in Axes
  4436 | D:6      | Reached skill level 1 in Shields
  4441 | D:6      | Killed Duvessa
  4500 | D:6      | Found a stormy altar of Qazlal.
  4503 | D:6      | Found a glowing silver altar of Zin.
  4505 | D:6      | Found a hide-covered altar of Uskayaw.
  4528 | D:6      | Reached XP level 9. HP: 49/75 MP: 8/8
  5326 | D:7      | Reached **** piety under Trog
  5712 | D:7      | Reached skill level 5 in Dodging
  6095 | D:8      | Noticed Gastronok
  6116 | D:8      | Killed Gastronok
  6116 | D:8      | Reached XP level 10. HP: 67/84 MP: 5/9
  6423 | D:8      | Noticed Pikel
  6435 | D:8      | Killed Pikel
  6600 | D:8      | Found a staircase to the Lair.
  6854 | D:8      | Reached ***** piety under Trog
  7013 | D:8      | Found a roughly hewn altar of Beogh.
  7231 | D:9      | Found a shattered altar of Ashenzari.
  7446 | D:9      | Found a hazy altar of Hepliaklqana.
  7825 | D:10     | Entered Level 10 of the Dungeon
  7874 | D:10     | Found Xutiti's Jewellery Boutique.
  7892 | D:10     | Got an encrusted scale mail
  7903 | D:10     | Identified the +11 scale mail "Xael" {rC- rN+ Int+5 Dex+3} (You found it on level 10 of the Dungeon)
  8101 | D:10     | Killed an unseen horror
  8101 | D:10     | Reached skill level 5 in Shields
  8257 | D:10     | Received a gift from Trog
  8466 | D:10     | Noticed Psyche
  8476 | D:10     | Killed Psyche
  8476 | D:10     | Reached XP level 11. HP: 88/92 MP: 10/10
  8564 | D:11     | Noticed nebgrebaes's ghost (journeyman TrMo)
  8585 | D:11     | Killed nebgrebaes's ghost
  9138 | D:11     | Found a shadowy altar of Dithmenos.
  9350 | D:11     | Noticed a two-headed ogre
  9364 | D:11     | Killed a two-headed ogre
  9753 | D:12     | Reached skill level 15 in Axes
  9805 | D:12     | Noticed a two-headed ogre
  9814 | D:12     | Killed a two-headed ogre
  9814 | D:12     | Reached skill level 10 in Armour
  9843 | D:12     | Noticed a green ugly thing
  9853 | D:12     | Killed a green ugly thing
  9972 | D:12     | Noticed a two-headed ogre
  9976 | D:12     | Killed a two-headed ogre
 10041 | D:12     | Noticed a white ugly thing
 10048 | D:12     | Killed a white ugly thing
 10065 | D:12     | Killed an unseen horror
 10071 | D:12     | Noticed a two-headed ogre
 10074 | D:12     | Killed a two-headed ogre
 10210 | D:12     | Found a flagged portal.
 10221 | Bailey   | Entered a bailey
 10260 | Bailey   | Received a gift from Trog
 10310 | Bailey   | Noticed an orc knight
 10317 | Bailey   | Killed an orc knight
 10317 | Bailey   | Reached XP level 12. HP: 102/103 MP: 11/11
 10344 | Bailey   | Noticed an orc warlord
 10357 | Bailey   | Killed an orc warlord
 10706 | D:12     | Found a staircase to the Orcish Mines.
 11226 | D:13     | Noticed CanOfBees's ghost (journeyman MfIE)
 11242 | D:13     | Noticed a centaur warrior
 11253 | D:13     | Killed CanOfBees's ghost
 11257 | D:13     | Noticed a catoblepas
 11257 | D:13     | Killed a centaur warrior
 11269 | D:13     | Killed a catoblepas
 11567 | D:13     | Noticed Sonja
 11570 | D:13     | Killed Sonja
 11602 | D:13     | You fall through a shaft for 2 floors!
 11602 | D:15     | Entered Level 15 of the Dungeon
 11774 | D:15     | Noticed a two-headed ogre
 11781 | D:15     | Killed a two-headed ogre
 11838 | D:14     | Noticed a two-headed ogre
 11846 | D:14     | Killed a two-headed ogre
 12046 | D:14     | Noticed a two-headed ogre
 12050 | D:14     | Noticed a centaur warrior
 12054 | D:14     | Killed a two-headed ogre
 12054 | D:14     | Reached XP level 13. HP: 108/112 MP: 10/12
 12206 | D:14     | Reached skill level 10 in Fighting
 12254 | D:14     | Received a gift from Trog
 12645 | D:14     | Found a gate to the Vaults.
 13191 | D:15     | Found Gojytud's Book Shoppe.
 13496 | D:15     | Found a staircase to the Depths.
 13503 | D:15     | Reached skill level 10 in Dodging
 13658 | Lair:1   | Entered Level 1 of the Lair of Beasts
 14247 | Lair:2   | Reached XP level 14. HP: 72/124 MP: 7/13
 14660 | Lair:2   | Found a staircase to the Swamp.
 15173 | Lair:3   | Found a staircase to the Snake Pit.
 15767 | Lair:3   | Reached skill level 1 in Maces & Flails
 16253 | Lair:4   | Reached ****** piety under Trog
 16673 | Lair:5   | Received a gift from Trog
 16734 | Lair:5   | Found a dark tunnel.
 16742 | Volcano  | Entered a volcano
 16924 | Volcano  | Found a burning altar of Makhleb.
 17015 | Volcano  | Noticed a stone giant
 17023 | Volcano  | Killed a stone giant
 17312 | Lair:5   | Found a viscous altar of Jiyva.
 17313 | Lair:5   | Found a staircase to the Slime Pits.
 17394 | Lair:5   | Reached skill level 10 in Shields
 17394 | Lair:5   | Reached XP level 15. HP: 123/132 MP: 14/14
 17767 | Lair:6   | Entered Level 6 of the Lair of Beasts
 17918 | Lair:6   | Noticed Snorg
 17924 | Lair:6   | Killed Snorg
 18915 | Lair:6   | Found a runed door.
 19010 | Lair:6   | Reached XP level 16. HP: 92/141 MP: 10/15
 19014 | Lair:6   | Received a gift from Trog
 19496 | Orc:1    | Entered Level 1 of the Orcish Mines
 19499 | Orc:1    | Paralysed by an orc sorcerer for 5 turns
 19829 | Orc:2    | Entered Level 2 of the Orcish Mines
 19848 | Orc:2    | Found Sutobbutt's Distillery.
 19858 | Orc:2    | Bought a potion of heal wounds for 70 gold pieces
 19858 | Orc:2    | Bought a potion of curing for 42 gold pieces
 19858 | Orc:2    | Bought a potion of resistance for 140 gold pieces
 19858 | Orc:2    | Bought a potion of curing for 42 gold pieces
 19858 | Orc:2    | Bought a potion of lignification for 42 gold pieces
 19858 | Orc:2    | Bought a potion of resistance for 140 gold pieces
 19984 | Orc:2    | Noticed Saint Roka
 20008 | Orc:2    | Killed Saint Roka
 20344 | Orc:2    | Found a staircase to the Elven Halls.
 20408 | Orc:2    | Received a gift from Trog
 20428 | Orc:2    | Found Cisugebb's Armour Shoppe.
 20428 | Orc:2    | Found Tiodemus's General Store.
 20723 | Orc:2    | Gained mutation: Your magical capacity is low. (-10% MP) [mutagenic glow]
 20754 | Orc:2    | Found Hiolloal's Distillery.
 20761 | Orc:2    | Gained mutation: Scrolls take you a little longer to read. [mutagenic glow]
 20763 | Orc:2    | Found Ycleur Bappe's Antique Weapon Emporium.
 20768 | Orc:2    | Bought a potion of curing for 39 gold pieces
 20768 | Orc:2    | Bought a potion of curing for 39 gold pieces
 20768 | Orc:2    | Bought 2 potions of curing for 78 gold pieces
 20768 | Orc:2    | Bought a potion of curing for 39 gold pieces
 20768 | Orc:2    | Bought a potion of heal wounds for 65 gold pieces
 20768 | Orc:2    | Bought a potion of curing for 39 gold pieces
 20768 | Orc:2    | Bought a potion of heal wounds for 65 gold pieces
 20770 | Orc:2    | Bought the +6 plate armour "Yfieluh" {MR+ Int+4} for 1184 gold pieces
 20976 | Elf:1    | Entered Level 1 of the Elven Halls
 20976 | Elf:1    | Noticed Agnes
 20980 | Elf:1    | Killed Agnes
 21568 | Depths:1 | Entered Level 1 of the Depths
 21580 | Depths:1 | Found a gateway to a ziggurat.
 21968 | Depths:1 | HP: 5/216 [frost giant/bolt of cold (29)]
 22710 | Depths:1 | Found a portal to a secret trove of treasure.
 23040 | D:10     | Bought the amulet of Huimpumiu {Reflect rElec rPois MR- Str+5 SH+3} for 643 gold pieces
 23172 | Snake:1  | Entered Level 1 of the Snake Pit
 23279 | Snake:1  | Noticed Aizul
 23303 | Snake:1  | Killed Aizul
 23818 | Snake:1  | Identified a scroll of acquirement
 23820 | Snake:1  | Got a coiled golden amulet
 23876 | Snake:1  | Found a snail-covered altar of Cheibriados.
 23987 | Snake:1  | Received a gift from Trog
 24349 | Snake:2  | Noticed Vashnia
 24365 | Snake:2  | Killed Vashnia
 24373 | Snake:2  | Reached XP level 17. HP: 80/152 MP: 2/14
 24664 | Snake:2  | Found Korphofec's General Store.
 24673 | Snake:2  | Bought a potion of curing for 45 gold pieces
 24673 | Snake:2  | Bought a scroll of identify for 30 gold pieces
 24675 | Snake:2  | Identified the amulet of Xom's Passing Interest {rPois rN+++ Regen+ Str+4 Dex-3} (You acquired it on level 1 of the Snake Pit)
 24842 | Snake:2  | Found Ykocebud's Book Shop.
 25005 | Snake:2  | Found Zunem's Jewellery Shop.
 25005 | Snake:2  | Found Ujaomiocs's Gadget Shoppe.
 25006 | Snake:2  | Found Viwk's Gadget Shoppe.
 25682 | Snake:3  | Noticed Asterion
 25707 | Snake:3  | Killed Asterion
 25724 | Snake:3  | Got a faintly glowing shield
 25735 | Snake:3  | Identified the +7 shield of Coronation {+Blink rF+ Dex+3} (You took it off Asterion on level 3 of the Snake Pit)
 26201 | Snake:3  | Noticed Roxanne
 26257 | Snake:3  | Killed Roxanne
 26257 | Snake:3  | Received a gift from Trog
 26258 | Snake:3  | Found the +8 storm bow {elec}
 26531 | Snake:4  | Entered Level 4 of the Snake Pit
 26616 | Snake:4  | Reached skill level 15 in Armour
 27407 | Snake:4  | Reached skill level 15 in Fighting
 27513 | Snake:4  | Got a serpentine rune of Zot
 27735 | Swamp:1  | Entered Level 1 of the Swamp
 27840 | Swamp:1  | Noticed Josephine
 27846 | Swamp:1  | Killed Josephine
 27972 | Swamp:1  | Noticed Kirke
 27976 | Swamp:1  | Received a gift from Trog
 27981 | Swamp:1  | Killed Kirke
 27981 | Swamp:1  | Reached XP level 18. HP: 163/163 MP: 15/15
 28536 | Swamp:2  | Reached skill level 1 in Long Blades
 29756 | Swamp:4  | Entered Level 4 of the Swamp
 29907 | Swamp:4  | Received a gift from Trog
 29968 | Swamp:4  | Found a frozen archway.
 29991 | IceCv    | Entered an ice cave
 30177 | IceCv    | Received a gift from Trog
 30273 | IceCv    | Noticed an Ice Fiend
 30277 | IceCv    | Killed an Ice Fiend
 30690 | Swamp:4  | Got an ancient falchion {flame}
 30693 | Swamp:4  | Identified the +11 falchion of the Final Decision {flame, Dex+2} (You took it off a spriggan berserker on level 4 of the Swamp)
 30729 | Swamp:4  | Reached skill level 5 in Long Blades
 30763 | Swamp:4  | Got a decaying rune of Zot
 31549 | Vaults:1 | Entered Level 1 of the Vaults
 31616 | Vaults:1 | Received a gift from Trog
 31773 | Vaults:1 | Reached XP level 19. HP: 139/172 MP: 14/16
 32177 | Vaults:1 | Received a gift from Trog
 32305 | Vaults:1 | Upgraded the game from 0.22-a0-406-g9ff8d77 to 0.22-a0-407-gb098539
 32313 | Vaults:1 | Got a transparent demon blade {god gift}
 32314 | Vaults:1 | Identified the +4 demon blade of Ufaciri {flame, Str+4 Dex+3} (Trog gifted it to you on level 1 of the Vaults)
 32768 | Vaults:1 | Received a gift from Trog
 33948 | Vaults:2 | Reached skill level 15 in Dodging
 34017 | Vaults:2 | Found Vofinugy's Antique Weapon Boutique.
 34136 | Vaults:2 | Reached skill level 15 in Shields
 34207 | Vaults:2 | Received a gift from Trog
 34565 | Vaults:3 | Reached XP level 20. HP: 182/182 MP: 17/17
 34825 | Vaults:3 | Noticed Jory
 34852 | Vaults:3 | Killed Jory
 35264 | Vaults:3 | Cast into level 3 of the Abyss (a deep elf demonologist)
 35281 | Vaults:3 | Escaped the Abyss
 35291 | Vaults:3 | Received a gift from Trog
 35400 | Vaults:3 | Found a staircase to the Crypt.
 35483 | Vaults:3 | Cast into level 3 of the Abyss (a deep elf sorcerer)
 35499 | Vaults:3 | Escaped the Abyss
 36465 | Vaults:4 | Received a gift from Trog
 36995 | Vaults:4 | Found Emacut Bycu's General Store.
 37300 | Vaults:5 | Entered Level 5 of the Vaults
 37300 | Vaults:5 | Noticed Jorgrun
 37397 | Vaults:4 | Reached XP level 21. HP: 148/192 MP: 4/17
 37673 | Vaults:5 | Noticed Sojobo
 37692 | Vaults:5 | Killed Jorgrun
 37700 | Vaults:5 | Killed Sojobo
 37923 | Vaults:5 | Received a gift from Trog
 37937 | Vaults:5 | Noticed a golden dragon
 38243 | Vaults:5 | Killed a golden dragon
 38419 | Vaults:5 | Got a smoking shield
 38432 | Vaults:5 | Identified the +10 shield "Leumput" {rN++} (You took it off an orc on level 5 of the Vaults)
 38522 | Vaults:5 | Noticed an ancient lich
 38545 | Vaults:5 | Killed an ancient lich
 39024 | Vaults:5 | Received a gift from Trog
 39156 | Vaults:5 | Noticed an ancient lich
 39244 | Vaults:5 | Cast into level 5 of the Abyss (an ancient lich)
 39244 | Abyss:5  | Entered Level 5 of the Abyss
 39244 | Abyss:5  | Found a corrupted altar of Lugonu.
 39311 | Abyss:5  | Gained mutation: You are frail. (-10% HP) [a neqoxec]
 39343 | Vaults:5 | Escaped the Abyss
 39352 | Vaults:5 | Killed an ancient lich
 39352 | Vaults:5 | Reached XP level 22. HP: 77/182 MP: 9/18
 39673 | Vaults:5 | Reached skill level 27 in Axes
 39691 | Vaults:5 | Noticed garrulousMonolith's ghost (master MiBe)
 39786 | Vaults:5 | Killed garrulousMonolith's ghost
 39861 | Vaults:5 | Got a silver rune of Zot
 39888 | Vaults:5 | Got a twisted plate armour
 39899 | Vaults:5 | Identified the +2 plate armour of the Game Afoot {Dex+5} (You found it on level 5 of the Vaults)
 39967 | Vaults:5 | Received a gift from Trog
 40030 | Vaults:5 | Noticed a golden dragon
 40046 | Vaults:5 | Killed a golden dragon
 40105 | Vaults:5 | Noticed an ancient lich
 40114 | Vaults:5 | Killed an ancient lich
 40168 | Vaults:5 | Identified the Almanac of Excruciating Ice
 41106 | Elf:1    | Found Fidwos's Weapon Shoppe.
 41181 | Elf:1    | Found Tair's Antique Weapon Boutique.
 41299 | Elf:1    | Received a gift from Trog
 41331 | Elf:1    | Identified the Tome of Conjuration
 41415 | Elf:1    | Found Leziliepn's Food Shop.
 41491 | Elf:1    | Noticed Nikola
 41502 | Elf:1    | Killed Nikola
 41809 | Elf:2    | Found Horioq's Food Shoppe.
 41814 | Elf:2    | Found Dunul's General Store.
 41869 | Elf:2    | Found a runed gate.
 41869 | Elf:2    | Found a runed gate.
 41870 | Elf:2    | Found a runed gate.
 41905 | Elf:2    | Found Reismam's Antique Armour Shop.
 42050 | Elf:2    | Found Bonotzai's Armour Shop.
 42098 | Elf:2    | Received a gift from Trog
 42382 | Elf:2    | Found Paagadonk's Armour Boutique.
 42814 | Elf:2    | Reached XP level 23. HP: 174/191 MP: 19/19
 42828 | Elf:2    | Received a gift from Trog
 43030 | Elf:3    | Entered Level 3 of the Elven Halls
 43330 | Elf:3    | Received a gift from Trog
 43977 | Elf:3    | Got a twitching wooden ring
 44066 | Elf:3    | Identified the ring of Beogh's Envy {rElec rN+ EV+2 Dex-5 Slay+2} (You took it off a deep elf mage on level 3 of the Elven Halls)
 44114 | Elf:3    | Identified the ring of Usykhliz {rPois rC+ Str+2 Dex+2} (You took it off a deep elf annihilator on level 3 of the Elven Halls)
 44139 | Elf:3    | Got a twisted plate armour
 44144 | Elf:3    | Identified the amulet of Helead {Faith +Fly rF- SInv Stlth+} (You found it on level 3 of the Elven Halls)
 44159 | Elf:3    | Identified the cursed +1 plate armour of the Carpenter {rElec rPois Str-2} (You found it on level 3 of the Elven Halls)
 44979 | Crypt:1  | Entered Level 1 of the Crypt
 45168 | Crypt:1  | Received a gift from Trog
 45911 | Crypt:1  | Found an ancient bone altar of Kikubaaqudgha.
 47038 | Crypt:2  | Received a gift from Trog
 47167 | Crypt:2  | Reached XP level 24. HP: 203/203 MP: 19/19
 47524 | Crypt:2  | Received a gift from Trog
 47930 | Crypt:3  | Entered Level 3 of the Crypt
 48030 | Crypt:3  | Found a basalt altar of Yredelemnul.
 48193 | Crypt:3  | Identified Sif Muna's Almanac of Curses
 48261 | Crypt:3  | Received a gift from Trog
 48453 | Crypt:3  | Found a staircase to the Tomb.
 48453 | Crypt:3  | Noticed an ancient lich
 48459 | Crypt:3  | Cast into level 5 of the Abyss (an ancient lich)
 48459 | Abyss:5  | Entered Level 5 of the Abyss
 48648 | Abyss:5  | Paralysed by accursed screaming for 1 turns
 48672 | Crypt:3  | Escaped the Abyss
 48684 | Crypt:3  | Killed an ancient lich
 48868 | Crypt:3  | Received a gift from Trog
 48910 | Crypt:3  | Identified the cursed +0 great sword "Buxiawku" {slice, *Slow MP+9 Dex+10 SInv} (You found it on level 3 of the Crypt)
 48960 | Crypt:3  | Identified the amulet "Motwauw" {+Fly MR+ Regen+ Dex+3} (You found it on level 3 of the Crypt)
 48962 | Crypt:3  | Identified the ring "Wiseok" {rF+ rN+} (You found it on level 3 of the Crypt)
 49041 | Crypt:3  | Noticed Mennas
 49071 | Crypt:3  | Killed Mennas
 49548 | Tomb:1   | Entered Level 1 of the Tomb of the Ancients
 49701 | Tomb:1   | Got a heavily runed plate armour
 49702 | Tomb:1   | Paralysed by a sphinx for 5 turns
 49728 | Tomb:1   | Received a gift from Trog
 49783 | Tomb:1   | Identified the cursed +1 plate armour "Qyash" {*Slow Str+2 Dex+4} (You found it on level 1 of the Tomb of the Ancients)
 49894 | Tomb:1   | Noticed a greater mummy
 49914 | Tomb:1   | Killed a greater mummy
 50091 | Tomb:1   | Reached XP level 25. HP: 211/211 MP: 19/19
 50285 | Tomb:1   | Noticed a greater mummy
 50305 | Tomb:1   | Killed a greater mummy
 51356 | Depths:2 | Identified the +10 broad axe of Jime Epny {holy, Dex+4} (You found it on level 2 of the Depths)
 51401 | Depths:2 | Received a gift from Trog
 51871 | Depths:2 | Found a gateway to Hell.
 51901 | Depths:2 | Found an iron altar of Okawaru.
 52017 | Depths:2 | Identified the +4 hat of the Lost Cities {rF+} (You found it on level 2 of the Depths)
 52319 | Depths:3 | Found a corrupted altar of Lugonu.
 52319 | Depths:3 | Found a one-way gate to the infinite horrors of the Abyss.
 52519 | Depths:3 | Received a gift from Trog
 52792 | Depths:3 | Found a one-way gate leading to the halls of Pandemonium.
 52825 | Depths:3 | Noticed Bai Suzhen
 52841 | Depths:3 | Killed Bai Suzhen
 53155 | Depths:3 | Found a glowing silver altar of Zin.
 53402 | Depths:3 | Received a gift from Trog
 53768 | Depths:4 | Reached XP level 26. HP: 220/220 MP: 19/19
 54725 | Depths:5 | Entered Level 5 of the Depths
 54776 | Depths:5 | Received a gift from Trog
 55333 | Depths:5 | Found a gate to the Realm of Zot.
 55654 | Zot:1    | Entered Level 1 of the Realm of Zot
 55748 | Zot:1    | Received a gift from Trog
 56986 | Zot:2    | Reached XP level 27. HP: 171/230 MP: 14/19
 57520 | Zot:2    | Received a gift from Trog
 57621 | Zot:2    | Noticed an orb of fire
 57633 | Zot:2    | Gained mutation: Scrolls take you longer to read. [an orb of fire]
 57644 | Zot:2    | Killed an orb of fire
 58922 | Zot:3    | Noticed an orb of fire
 58924 | Zot:3    | Gained mutation: You tend to lose your temper in combat. [an orb of fire]
 58927 | Zot:3    | Gained mutation: You occasionally shout uncontrollably at your foes. [an orb of fire]
 58938 | Zot:3    | Killed an orb of fire
 60535 | Zot:4    | Received a gift from Trog
 61112 | Zot:5    | Entered Level 5 of the Realm of Zot
 61507 | Zot:5    | Noticed an orb of fire
 61507 | Zot:5    | Noticed an ancient lich
 61507 | Zot:5    | Noticed an orb of fire
 61527 | Zot:5    | Gained mutation: You sometimes yell uncontrollably at your foes. [an orb of fire]
 61529 | Zot:5    | Gained mutation: You often lose your temper in combat. [an orb of fire]
 61537 | Zot:5    | Killed an orb of fire
 61541 | Zot:5    | Lost mutation: Scrolls take you longer to read. [an orb of fire]
 61541 | Zot:5    | Gained mutation: You are partially covered in slimy green scales. (AC +2) [an orb of fire]
 61546 | Zot:5    | Gained mutation: Scrolls take you longer to read. [an orb of fire]
 61552 | Zot:5    | Killed an orb of fire
 61562 | Zot:5    | Killed an ancient lich
 61930 | Zot:5    | Noticed an ancient lich
 61937 | Zot:5    | Killed an ancient lich
 61941 | Zot:5    | Noticed an orb of fire
 61947 | Zot:5    | Killed an orb of fire
 61989 | Zot:5    | Received a gift from Trog
 61989 | Zot:5    | Reached skill level 27 in Shields
 62000 | Zot:5    | Got the Orb of Zot
 62006 | Zot:5    | Noticed an orb of fire
 62007 | Zot:5    | Gained mutation: Armour fits poorly on your strangely shaped body. [an orb of fire]
 62009 | Zot:5    | Noticed an orb of fire
 62013 | Zot:5    | Gained mutation: Scrolls take you much longer to read. [an orb of fire]
 62027 | Zot:5    | Killed an orb of fire
 62028 | Zot:5    | Killed an orb of fire
 62091 | Zot:5    | Noticed an orb of fire
 62162 | Zot:2    | Noticed Vorel the pandemonium lord
 62172 | Zot:2    | HP: 11/241 [poisoned by a death drake (dark miasma)]
 62172 | Zot:2    | Killed from afar by a Tzitzimitl

Vault maps used:
D:1:      onia_arrival_larder
D:2:      kennysheep_big_flooded_room, minmay_pentomino_u2
D:3:      led_sif_book, amethyst_overflow_temple_binary, first_ration,
          nicolae_gozag_cash_rules_everything_around_me
D:4:      hangedman_decor_points
D:5:      uniq_grinder, uniq_prince_ribbit1
D:6:      grunt_temple_overflow_open, minmay_temple_entry_trees, basic_altar,
          uniq_duvessa, uniq_menkaure
D:8:      lair_entry_dummy, special_room, hangedman_little_slice_of_home,
          minmay_fountain_box, kennysheep_generic_room_3, uniq_gastronok,
          uniq_pikel
D:9:      lemuel_round_altar, nicolae_ashenzari_panopticon
D:10:     serial_shops, nicolae_shop_stone, item_on_display_a, uniq_psyche
D:11:     nicolae_dithmenos_the_darkroom
D:12:     kennysheep_room_grid, orc_0_dummy, enter_bailey_3
D:13:     lab_entry_generic, uniq_sonja
D:14:     david_vaults_1
D:15:     grunt_enter_depths_snipers, serial_bayou_ford_a, serial_shops, shop
Lair:2:   swamp_mist, grunt_megastairs_5, lemuel_fruit_fields,
          serial_bayou_shore_b
Lair:3:   minmay_snake_entry_six_corridors, grunt_forest_small_clearing_treed
Lair:4:   cheibrodos_lair_lostbears
Lair:5:   dpeg_slime_entry_enclosed_altar, nicolae_volcano_entry_hallway,
          minmay_lair_oklob_chamber, grunt_megastairs_3
Lair:6:   wormcave, guppyfry_lair_end_dragon, uniq_snorg
Swamp:1:  infiniplex_staircase_pool, uniq_kirke, uniq_josephine
Swamp:2:  nicolae_swamp_feature_on_the_river_bank
Swamp:3:  hangedman_swamp_ruin_wall
Swamp:4:  swamp_basic_johnstein, portal_ice_cave_entry_frozen_things,
          swamp_pool4, nicolae_swamp_round_clearing
Snake:1:  basic_altar, lemuel_fruit_tree, uniq_aizul
Snake:2:  serial_shops, shop_coins, shop, minmay_shop_grove, uniq_vashnia
Snake:3:  uniq_asterion, uniq_roxanne
Snake:4:  minmay_snake_end_coiled, st_stairs_11
Orc:2:    st_orc_mages, serial_shops, shop_statue, uniq_saint_roka
Elf:1:    elf_arrival_002, serial_shops, shop, shop, nicolae_shop_trees,
          minmay_elf_annihilation, glass_columns_a, hangedman_elven_ridges,
          nicolae_elf_big_sculpture_2, uniq_nikola, uniq_agnes
Elf:2:    serial_shops, shop, shop, shop, shop_fountains, nicolae_shop_trees,
          eino_tiny_chamber, amethyst_killhole, minmay_elf_sorcery,
          basic_stair_grate_trap
Elf:3:    grunt_elf_hall_branching
Vaults:1: vaults_room_stairs_pillars, hangedman_vaults_nails, v_misc_24,
          hangedman_vaults_stitches, nicolae_vaults_mini_display_case,
          v_pattern_4, v_misc_14, nicolae_vaults_windows_and_doors_thing,
          ontoclasm_vaults_eye
Vaults:2: ontoclasm_vaults_idyll, v_misc_31, ontoclasm_vaults_claustrophobia,
          ontoclasm_vaults_hangar, dpeg_vaults_monster_box, vaults_room_pool,
          vaults_mumra_hex, vaults_room_grunt_arrival_checkpoint, v_rooms_2,
          nicolae_vaults_asterisk, hangedman_vaults_hat,
          ontoclasm_vaults_gateway, serial_shops, shop
Vaults:3: nicolae_vaults_circle_grid_a, nicolae_vaults_an_arrangement,
          minmay_crypt_entry_simple_walls, nicolae_vaults_border_crossing,
          nicolae_vaults_back_hallway, v_alt_pattern_1, vaults_room_pool,
          nicolae_vaults_alarming, ontoclasm_vaults_spin,
          nicolae_vaults_little_ls, vaults_room_pool, vaults_dpeg_encased_lava,
          vaults_dpeg_ring, uniq_jory
Vaults:4: v_misc_23, ontoclasm_vaults_fault, st_star, nicolae_vaults_network_s,
          grunt_vaults_hallway_short, nicolae_vaults_sealed_display,
          vaults_dpeg_spiral, v_misc_16, vaults_mumra_lcd, serial_shops,
          shop_statue
Vaults:5: uniq_jorgrun, uniq_sojobo
Crypt:1:  cheibrodos_crypt_eye_of_stone, st_stairs_1
Crypt:2:  minmay_skeleton_keep, st_stairs_12, chequers_big_river
Crypt:3:  grunt_crypt_end_deaths_head, uniq_mennas
Depths:1: enter_ziggurat_d, trove_entry_hex_spiral, hangedman_geh_valley,
          minmay_misc_feat_cross, nicolae_island_escapes, serial_bayou_shore_b,
          uniq_mara
Depths:2: evilmike_iron_armoury, hell_entry, kennysheep_cluttered_room,
          minmay_acid_items
Depths:3: evilmike_silver_temple, abyss_entry_flame_altar, pf_coc_iceberg,
          rand_demon_pan_entry_7, grunt_decor_fettered, uniq_bai_suzhen
Depths:4: kennysheep_scales, abyss_entry, hell_entry, patterned_corridor,
          minmay_misc_feat_doors, minmay_protected_statue
Depths:5: evilmike_zot_entry_gauntlet, hangedman_decor_lopped,
          serial_column_ruins, column_ruins_courtyard_long,
          column_ruins_open_small, column_ruins_open_tiny,
          column_ruins_columns_water, column_ruins_open_tiny,
          column_ruins_open_tiny, hell_entry
Zot:2:    lemuel_draconian_sentries_small, hangedman_elemental_grid_stream
Zot:5:    grunt_ministairs_1
Abyss:3:  gammafunk_abyss_rune_reverse_zot, hangedman_abyss_rune_macabre_mess
Abyss:5:  abyss_furniture_001, grunt_abyss_rune_forest_and_sorcery,
          evilmike_abyss_exit_13, evilmike_abyss_exit_9, evilmike_abyss_exit_15,
          hangedman_stitches_earthworm, hangedman_abyss_or_decor_lesser_grid,
          evilmike_abyss_rune_siren_acolytes
Bailey:   bailey_axe_minmay_hex_keep, bailey
IceCv:    ice_cave_tombish
Volcano:  volcano_grotto

Skill      XL: |  1  2  3  4  5  6  7  8  9 10 11 12 13 14 15 16 17 18 19 20 21 22 23 24 25 26 27 |
---------------+----------------------------------------------------------------------------------+-----
Axes           | 4 5 6 7 8 10 12 14 15 17 18 20 22 23 24 25 26 27 | 27.0
Fighting       | 4 5 6 7 8 9 11 12 14 15 16 17 18 19 20 21 22 24 25 | 25.9
Armour         | 3 4 5 6 7 8 9 10 11 12 13 14 15 16 17 18 19 20 21 22 23 | 23.8
Dodging        | 3 4 5 6 7 8 10 11 12 13 14 15 16 18 19 20 21 22 23 | 23.6
Stealth        | 1 2 3 4 |  4.6
Shields        | 1 3 5 6 7 9 10 12 13 15 16 18 20 21 23 24 27 | 27.0
Maces & Flails | 1 |  1.0
Long Blades    | 5 6 7 |  7.8
Evocations     | |  0.2

Action                   |  1- 3 |  4- 6 |  7- 9 | 10-12 | 13-15 | 16-18 | 19-21 | 22-24 | 25-27 || total
-------------------------+-------+-------+-------+-------+-------+-------+-------+-------+-------++-------
Melee: Hand axe          |   100 |     1 |    44 |       |       |       |       |       |       ||   145
       Headbutt          |    14 |    15 |    51 |   181 |   208 |   466 |   373 |   606 |   725 ||  2639
       War axe           |       |    58 |   190 |   420 |       |       |       |       |       ||   668
       Broad axe         |       |       |       |   223 |   214 |   775 |   725 |  1607 |  1821 ||  5365
       Battleaxe         |       |       |       |       |   400 |   357 |       |       |       ||   757
       Whip              |       |       |       |       |    12 |       |       |       |       ||    12
       Scimitar          |       |       |       |       |       |   241 |       |       |       ||   241
       Falchion          |       |       |       |       |       |    17 |       |    12 |       ||    29
       Demon blade       |       |       |       |       |       |       |    16 |    13 |       ||    29
       Executioner's axe |       |       |       |       |       |       |   280 |       |       ||   280
       Eudemon blade     |       |       |       |       |       |       |       |   154 |       ||   154
Invok: Berserk           |       |     2 |     5 |     9 |     8 |    14 |     9 |    10 |     8 ||    65
       Trog's Hand       |       |       |     2 |     2 |     2 |     4 |       |     7 |     6 ||    23
       Brothers in Arms  |       |       |       |     3 |     3 |     2 |       |     8 |     7 ||    23
Evoke: Wand              |       |       |       |       |       |       |       |       |     2 ||     2
  Use: Scroll            |     2 |       |    11 |     9 |     9 |    21 |     1 |    23 |     4 ||    80
       Potion            |       |       |       |     1 |     1 |       |     1 |     7 |     8 ||    18
 Stab: Sleeping          |     2 |       |       |       |       |       |       |       |       ||     2
       Confused          |       |       |       |       |       |     1 |       |       |       ||     1
       Distracted        |       |       |       |       |       |       |     1 |     3 |     2 ||     6
       Invisible         |       |       |       |       |       |       |       |       |     6 ||     6
  Eat: Chunk             |     3 |     7 |    10 |    24 |    29 |    23 |    29 |    27 |    25 ||   177
       Ration            |       |       |     1 |     3 |     1 |    10 |     1 |     8 |     8 ||    32
Armor: Animal skin       |     6 |       |       |       |       |       |       |       |       ||     6
       Plate armour      |    40 |    38 |    93 |    43 |       |   568 |   319 |   342 |   263 ||  1706
       Scale mail        |       |       |       |   142 |   233 |    48 |       |       |       ||   423
Dodge: Dodged            |    49 |    21 |    40 |   137 |   408 |   693 |   408 |   579 |   758 ||  3093
Block: Large shield      |       |       |   110 |   413 |   153 |   126 |       |       |       ||   802
       Other             |       |       |       |       |       |     8 |    16 |       |       ||    24
       Reflection        |       |       |       |       |       |     2 |    59 |    60 |     9 ||   130
       Shield            |       |       |       |       |       |   967 |   642 |  1734 |  1925 ||  5268
       Rpst.: Scimitar   |       |       |       |       |       |    33 |       |       |       ||    33
       Falchion          |       |       |       |       |       |     1 |       |       |       ||     1
       Demon blade       |       |       |       |       |       |       |     2 |       |       ||     2
       Eudemon blade     |       |       |       |       |       |       |       |    23 |       ||    23

Table legend:
 A = Spawn XP
 B = Non-spawn XP
 C = Spawn XP percentage of total XP
 D = Spawn monster count
 E = Non-spawn monster count
 F = Spawn count percentage of total count
 G = Total turns spent on level
                    A         B        C        D         E        F      G
               +---------+---------+-------+---------+---------+-------+---------
         Total |   30275 | 1734349 |   1.7 |      48 |    2548 |   1.8 | 62172
               +---------+---------+-------+---------+---------+-------+---------
           D:1 |       0 |      23 |   0.0 |       0 |      15 |   0.0 |   705
           D:2 |       0 |      37 |   0.0 |       0 |      21 |   0.0 |   726
           D:3 |       0 |     165 |   0.0 |       0 |      25 |   0.0 |  1151
           D:4 |       0 |     196 |   0.0 |       0 |      15 |   0.0 |   825
           D:5 |       0 |    1490 |   0.0 |       0 |      19 |   0.0 |   858
           D:6 |       0 |    1203 |   0.0 |       0 |      27 |   0.0 |   839
           D:7 |       0 |     737 |   0.0 |       0 |      14 |   0.0 |   812
           D:8 |       0 |    4575 |   0.0 |       0 |      51 |   0.0 |  1231
           D:9 |       0 |     723 |   0.0 |       0 |      20 |   0.0 |   875
          D:10 |       0 |    1850 |   0.0 |       0 |      17 |   0.0 |  1161
          D:11 |       0 |    4959 |   0.0 |       0 |      30 |   0.0 |  1010
          D:12 |       0 |    5407 |   0.0 |       0 |      30 |   0.0 |  1295
          D:13 |       0 |    7022 |   0.0 |       0 |      46 |   0.0 |   713
          D:14 |       0 |   16584 |   0.0 |       0 |      45 |   0.0 |  1081
          D:15 |       0 |   10069 |   0.0 |       0 |      20 |   0.0 |   968
        Lair:1 |       0 |    2959 |   0.0 |       0 |      15 |   0.0 |   583
        Lair:2 |       0 |    3648 |   0.0 |       0 |      13 |   0.0 |   930
        Lair:3 |       0 |    6713 |   0.0 |       0 |      30 |   0.0 |   924
        Lair:4 |       0 |    4655 |   0.0 |       0 |      25 |   0.0 |   754
        Lair:5 |       0 |    8605 |   0.0 |       0 |      41 |   0.0 |   667
        Lair:6 |       0 |   19486 |   0.0 |       0 |      54 |   0.0 |  1520
       Swamp:1 |       0 |   12062 |   0.0 |       0 |      35 |   0.0 |   668
       Swamp:2 |       0 |   17337 |   0.0 |       0 |      32 |   0.0 |   773
       Swamp:3 |       0 |    6077 |   0.0 |       0 |      13 |   0.0 |   642
       Swamp:4 |       0 |   38616 |   0.0 |       0 |      82 |   0.0 |  1177
       Snake:1 |       0 |   14730 |   0.0 |       0 |      26 |   0.0 |  1150
       Snake:2 |       0 |   16718 |   0.0 |       0 |      21 |   0.0 |  1031
       Snake:3 |       0 |   18959 |   0.0 |       0 |      22 |   0.0 |  1221
       Snake:4 |       0 |   39237 |   0.0 |       0 |      69 |   0.0 |  1114
         Orc:1 |       0 |    1912 |   0.0 |       0 |      20 |   0.0 |   357
         Orc:2 |       0 |   14622 |   0.0 |       0 |      70 |   0.0 |  1496
         Elf:1 |       0 |   34975 |   0.0 |       0 |      44 |   0.0 |  1005
         Elf:2 |       0 |   46754 |   0.0 |       0 |      60 |   0.0 |  1762
         Elf:3 |       0 |   58487 |   0.0 |       0 |      57 |   0.0 |  1147
      Vaults:1 |       0 |   59553 |   0.0 |       0 |      99 |   0.0 |  1496
      Vaults:2 |       0 |   46489 |   0.0 |       0 |      83 |   0.0 |  1728
      Vaults:3 |       0 |   64747 |   0.0 |       0 |      81 |   0.0 |  1812
      Vaults:4 |       0 |   61409 |   0.0 |       0 |      69 |   0.0 |  1895
      Vaults:5 |     352 |  163638 |   0.2 |       2 |     100 |   2.0 |  2360
       Crypt:1 |       0 |   44128 |   0.0 |       0 |      65 |   0.0 |  1468
       Crypt:2 |       0 |   57677 |   0.0 |       0 |     102 |   0.0 |  1566
       Crypt:3 |       0 |   87549 |   0.0 |       0 |     131 |   0.0 |  1443
        Tomb:1 |       0 |   39537 |   0.0 |       0 |      53 |   0.0 |  1225
      Depths:1 |       0 |   12271 |   0.0 |       0 |      17 |   0.0 |  1431
      Depths:2 |       0 |   75725 |   0.0 |       0 |      96 |   0.0 |  1096
      Depths:3 |       0 |   77682 |   0.0 |       0 |      84 |   0.0 |  1456
      Depths:4 |       0 |   40005 |   0.0 |       0 |      45 |   0.0 |   969
      Depths:5 |       0 |   71447 |   0.0 |       0 |      65 |   0.0 |   929
         Zot:1 |       0 |   42389 |   0.0 |       0 |      24 |   0.0 |  1271
         Zot:2 |       0 |   68961 |   0.0 |       0 |      41 |   0.0 |  1925
         Zot:3 |       0 |   59012 |   0.0 |       0 |      24 |   0.0 |  1313
         Zot:4 |       0 |   54418 |   0.0 |       0 |      36 |   0.0 |  1028
         Zot:5 |       0 |  159569 |   0.0 |       0 |      62 |   0.0 |   981
       Abyss:5 |   29923 |    6378 |  82.4 |      46 |      30 |  60.5 |   312
        Bailey |       0 |    5336 |   0.0 |       0 |      69 |   0.0 |   418
         IceCv |       0 |    9870 |   0.0 |       0 |      26 |   0.0 |   346
       Volcano |       0 |    4967 |   0.0 |       0 |      22 |   0.0 |   500
               +---------+---------+-------+---------+---------+-------+---------
